2926 views
Uploaded 2020-03-01 16:26:12
Game version 1.32.2
23:16 long 3on3 ladder game on (6)BloodstoneMesa_LV
Saved by BEARAND
2926 views
Uploaded 2020-03-01 16:26:12
Game version 1.32.2
23:16 long 3on3 ladder game on (6)BloodstoneMesa_LV


65 units @ 6.3k
/ 0.3k
207 buildings @ 16.9k
/ 9.2k



| Rod of Necromancy | 2 | 300 |
| Ritual Dagger | 1 | 125 |
| Orb of Corruption | 3 | 1125 |
| Lesser Clarity Potion | 2 | 140 |
| Potion of Mana | 2 | 400 |
| Scroll of Town Portal | 1 | 350 |
| Boots of Speed | 2 | 500 |
| Staff of Teleportation | 3 | 450 |
| Circlet of Nobility | 4 | 700 |
| Healing Salve | 1 | 100 |
| Staff of Sanctuary | 3 | 750 |
| total: | 24 | 4940g |
| Acolyte | 8 | 600 | / | 0 |
| Ghoul | 9 | 1080 | / | 0 |
| Obsidian Statue | 4 | 800 | / | 140 |
| total: | 21 | 2480g | / | 140w |
| Nerubian Tower | 5 | 500 | / | 100 |
| Spirit Tower | 4 | 580 | / | 160 |
| Crypt | 1 | 200 | / | 50 |
| Altar of Darkness | 1 | 180 | / | 50 |
| Ziggurat | 10 | 1500 | / | 500 |
| Tomb of Relics | 4 | 520 | / | 120 |
| Graveyard | 1 | 215 | / | 0 |
| Slaughterhouse | 1 | 140 | / | 135 |
| Halls of the Dead | 1 | 320 | / | 210 |
| Black Citadel | 1 | 325 | / | 230 |
| total: | 18 | 2755g | / | 855w |
| 0:03 | Acolyte |
| 0:09 | Crypt |
| 0:11 | Acolyte |
| 0:27 | Altar of Darkness |
| 0:32 | Ziggurat |
| 1:01 | Ziggurat |
| 1:11 | Ghoul |
| 1:22 | Tomb of Relics |
| 1:28 | Ghoul |
| 1:42 | Ghoul |
| 2:06 | Graveyard |
| 2:17 | Ghoul |
| 2:27 | Death Coil |
| 2:29 | Rod of Necromancy |
| 2:30 | Ritual Dagger |
| 2:39 | Ghoul |
| 2:52 | Ghoul |
| 3:30 | Halls of the Dead |
| 3:31 | Nerubian Tower |
| 4:03 | Unholy Aura |
| 4:12 | Ghoul |
| 4:13 | Cannibalize |
| 4:14 | Ghoul |
| 4:45 | Nerubian Tower |
| 4:55 | Ziggurat |
| 5:41 | Ghoul |
| 6:04 | Acolyte |
| 6:04 | Acolyte |
| 6:05 | Acolyte |
| 6:59 | Ziggurat |
| 7:00 | Ziggurat |
| 7:19 | Acolyte |
| 7:33 | Nerubian Tower |
| 7:35 | Frost Nova |
| 7:42 | Tomb of Relics |
| 7:48 | Black Citadel |
| 8:33 | Nerubian Tower |
| 8:33 | Spirit Tower |
| 8:34 | Ziggurat |
| 8:41 | Rod of Necromancy |
| 9:17 | Death Coil |
| 9:44 | Tomb of Relics |
| 9:47 | Spirit Tower |
| 10:50 | Slaughterhouse |
| 10:52 | Acolyte |
| 10:52 | Acolyte |
| 11:11 | Ghoul Frenzy |
| 11:12 | Ziggurat |
| 11:12 | Ziggurat |
| 11:17 | Orb of Corruption |
| 11:28 | Orb of Corruption |
| 11:31 | Carrion Swarm |
| 11:41 | Scroll of Town Portal |
| 12:10 | Frost Armor |
| 12:28 | Spirit Tower |
| 12:36 | Ziggurat |
| 12:43 | Healing Salve |
| 12:48 | Lesser Clarity Potion |
| 12:49 | Lesser Clarity Potion |
| 12:55 | Obsidian Statue |
| 12:56 | Obsidian Statue |
| 13:08 | Boots of Speed |
| 13:08 | Staff of Teleportation |
| 13:28 | Boots of Speed |
| 13:29 | Circlet of Nobility |
| 13:44 | Tomb of Relics |
| 14:03 | Sleep |
| 14:53 | Unholy Aura |
| 15:14 | Staff of Teleportation |
| 15:19 | Circlet of Nobility |
| 15:26 | Nerubian Tower |
| 15:31 | Ziggurat |
| 15:57 | Staff of Sanctuary |
| 16:48 | Potion of Mana |
| 17:06 | Potion of Mana |
| 17:18 | Frost Nova |
| 18:44 | Circlet of Nobility |
| 18:50 | Staff of Teleportation |
| 19:50 | Staff of Sanctuary |
| 20:00 | Obsidian Statue |
| 21:02 | Orb of Corruption |
| 21:27 | Circlet of Nobility |
| 21:53 | Staff of Sanctuary |
| 22:05 | Obsidian Statue |
| 22:33 | Carrion Swarm |
| Right click | 1756 |
| Select group | 1007 |
| Assign group | 414 |
| Select | 338 |
| Resource trade | 117 |
| Build/train/purchase | 102 |
| Use ability | 83 |
| Misc. action | 19 |
| Item give/drop | 6 |
| Chat | 5 |
| Remove unit | 1 |
| Minimap ping | 1 |


| Healing Salve | 6 | 600 |
| Lesser Clarity Potion | 7 | 490 |
| Orb of Lightning | 2 | 750 |
| Staff of Teleportation | 2 | 300 |
| Boots of Speed | 2 | 500 |
| Circlet of Nobility | 1 | 175 |
| Staff of Sanctuary | 2 | 500 |
| Orb of Corruption | 2 | 750 |
| total: | 24 | 4065g |
| Peon | 20 | 1500 | / | 0 |
| Troll Batrider | 5 | 800 | / | 200 |
| total: | 25 | 2300g | / | 200w |
| Watch Tower | 56 | 6160 | / | 4480 |
| Altar of Storms | 1 | 180 | / | 50 |
| Orc Burrow | 4 | 640 | / | 160 |
| Voodoo Lounge | 5 | 650 | / | 150 |
| War Mill | 1 | 205 | / | 0 |
| Great Hall | 1 | 385 | / | 185 |
| Beastiary | 3 | 435 | / | 420 |
| Stronghold | 1 | 315 | / | 190 |
| Fortress | 1 | 325 | / | 190 |
| total: | 71 | 8655g | / | 5445w |
| 0:05 | Peon |
| 0:05 | Peon |
| 0:08 | Altar of Storms |
| 0:11 | Orc Burrow |
| 0:14 | Peon |
| 0:36 | Voodoo Lounge |
| 0:42 | Peon |
| 0:51 | Peon |
| 1:02 | Peon |
| 1:14 | War Mill |
| 1:24 | Peon |
| 1:25 | Peon |
| 1:44 | Orc Burrow |
| 1:54 | Peon |
| 2:07 | Healing Salve |
| 2:07 | Lesser Clarity Potion |
| 2:10 | Lesser Clarity Potion |
| 2:12 | Wind Walk |
| 2:14 | Peon |
| 2:14 | Peon |
| 2:26 | Watch Tower |
| 3:00 | Stronghold |
| 3:06 | Watch Tower |
| 3:19 | Spiked Barricades |
| 3:41 | Staff of Teleportation |
| 3:46 | Boots of Speed |
| 3:58 | Watch Tower |
| 4:27 | Watch Tower |
| 4:27 | Watch Tower |
| 4:45 | Critical Strike |
| 5:06 | Watch Tower |
| 5:16 | Watch Tower |
| 5:43 | Peon |
| 5:43 | Peon |
| 5:59 | Fortress |
| 6:13 | Reinforced Defenses |
| 6:14 | Improved Spiked Barricades |
| 6:25 | Hex |
| 6:58 | Beastiary |
| 7:45 | Beastiary |
| 7:54 | Voodoo Lounge |
| 7:56 | Voodoo Lounge |
| 8:57 | Watch Tower |
| 8:58 | Watch Tower |
| 9:03 | Watch Tower |
| 9:05 | Watch Tower |
| 9:20 | Watch Tower |
| 9:21 | Watch Tower |
| 9:23 | Healing Salve |
| 9:31 | Watch Tower |
| 9:31 | Watch Tower |
| 9:33 | Troll Batrider |
| 9:35 | Orc Burrow |
| 9:39 | Orb of Lightning |
| 9:43 | Lesser Clarity Potion |
| 9:43 | Lesser Clarity Potion |
| 9:44 | Healing Salve |
| 10:39 | Watch Tower |
| 10:41 | Watch Tower |
| 11:08 | Watch Tower |
| 11:09 | Watch Tower |
| 12:05 | Watch Tower |
| 12:32 | Watch Tower |
| 12:32 | Watch Tower |
| 12:33 | Watch Tower |
| 12:34 | Peon |
| 12:34 | Peon |
| 12:36 | Troll Batrider |
| 12:36 | Liquid Fire |
| 12:39 | Voodoo Lounge |
| 12:41 | Voodoo Lounge |
| 13:16 | Healing Wave |
| 13:36 | Healing Salve |
| 13:36 | Lesser Clarity Potion |
| 13:48 | Staff of Sanctuary |
| 13:59 | Watch Tower |
| 14:09 | Wind Walk |
| 14:16 | Watch Tower |
| 14:16 | Watch Tower |
| 14:17 | Watch Tower |
| 14:18 | Watch Tower |
| 14:22 | Watch Tower |
| 14:25 | Troll Batrider |
| 14:31 | Watch Tower |
| 14:31 | Watch Tower |
| 15:05 | Watch Tower |
| 15:22 | Watch Tower |
| 15:26 | Watch Tower |
| 15:27 | Watch Tower |
| 15:38 | Great Hall |
| 15:40 | Watch Tower |
| 15:46 | Watch Tower |
| 15:48 | Watch Tower |
| 15:50 | Orc Burrow |
| 15:54 | Watch Tower |
| 15:56 | Staff of Teleportation |
| 15:56 | Boots of Speed |
| 15:57 | Circlet of Nobility |
| 16:44 | Lesser Clarity Potion |
| 16:47 | Healing Salve |
| 16:51 | Troll Batrider |
| 17:18 | Healing Salve |
| 17:21 | Orb of Lightning |
| 17:39 | Watch Tower |
| 17:41 | Watch Tower |
| 18:05 | Troll Batrider |
| 18:12 | Peon |
| 18:13 | Peon |
| 18:13 | Peon |
| 18:13 | Peon |
| 18:22 | Watch Tower |
| 18:23 | Watch Tower |
| 18:35 | Watch Tower |
| 18:36 | Watch Tower |
| 18:39 | Orb of Corruption |
| 18:49 | Orb of Corruption |
| 19:03 | Watch Tower |
| 19:05 | Watch Tower |
| 19:11 | Peon |
| 19:40 | Steel Ranged Weapons |
| 19:40 | Steel Armor |
| 19:58 | Watch Tower |
| 19:59 | Watch Tower |
| 20:01 | Lesser Clarity Potion |
| 20:03 | Staff of Sanctuary |
| 20:09 | Watch Tower |
| 20:11 | Watch Tower |
| 20:12 | Watch Tower |
| 20:12 | Watch Tower |
| 20:32 | Watch Tower |
| 21:25 | Watch Tower |
| 22:29 | Beastiary |
| 23:03 | Watch Tower |
| Right click | 1461 |
| Select group | 693 |
| Select | 255 |
| Build/train/purchase | 116 |
| Use ability | 48 |
| Misc. action | 29 |
| Chat | 12 |
| Assign group | 8 |
| Item give/drop | 6 |
| Minimap ping | 6 |
| Esc | 4 |



| Scroll of Regeneration | 1 | 100 |
| Staff of Sanctuary | 3 | 750 |
| Potion of Healing | 1 | 150 |
| Potion of Mana | 1 | 200 |
| Staff of Teleportation | 3 | 450 |
| Boots of Speed | 4 | 1000 |
| Periapt of Vitality | 1 | 325 |
| Circlet of Nobility | 1 | 175 |
| Healing Salve | 2 | 200 |
| Orb of Corruption | 2 | 750 |
| total: | 19 | 4100g |
| Peasant | 18 | 1350 | / | 0 |
| Priest | 1 | 135 | / | 10 |
| total: | 19 | 1485g | / | 10w |
| Scout Tower | 98 | 2940 | / | 1960 |
| Arcane Tower | 5 | 350 | / | 250 |
| Guard Tower | 73 | 5110 | / | 3650 |
| Altar of Kings | 1 | 180 | / | 50 |
| Farm | 8 | 640 | / | 160 |
| Lumber Mill | 1 | 120 | / | 0 |
| Arcane Vault | 5 | 650 | / | 150 |
| Town Hall | 1 | 385 | / | 205 |
| Blacksmith | 1 | 140 | / | 60 |
| Barracks | 1 | 160 | / | 60 |
| Arcane Sanctum | 1 | 150 | / | 140 |
| Gryphon Aviary | 1 | 140 | / | 150 |
| Keep | 2 | 640 | / | 420 |
| Castle | 2 | 720 | / | 420 |
| total: | 118 | 5505g | / | 2935w |
| 0:02 | Peasant |
| 0:02 | Peasant |
| 0:09 | Altar of Kings |
| 0:14 | Peasant |
| 0:18 | Farm |
| 0:27 | Peasant |
| 0:39 | Peasant |
| 0:44 | Farm |
| 0:47 | Farm |
| 0:49 | Peasant |
| 0:51 | Farm |
| 0:56 | Scout Tower |
| 1:08 | Lumber Mill |
| 1:19 | Farm |
| 1:21 | Peasant |
| 1:23 | Peasant |
| 1:26 | Scout Tower |
| 1:28 | Scout Tower |
| 1:34 | Peasant |
| 1:38 | Arcane Tower |
| 1:43 | Peasant |
| 1:58 | Peasant |
| 2:05 | Scout Tower |
| 2:06 | Scout Tower |
| 2:11 | Blizzard |
| 2:16 | Guard Tower |
| 2:34 | Guard Tower |
| 2:35 | Scout Tower |
| 2:36 | Scout Tower |
| 2:56 | Peasant |
| 2:56 | Peasant |
| 2:56 | Peasant |
| 3:01 | Arcane Vault |
| 3:02 | Guard Tower |
| 3:05 | Arcane Vault |
| 3:18 | Scout Tower |
| 3:29 | Guard Tower |
| 3:46 | Keep |
| 3:51 | Staff of Teleportation |
| 3:59 | Guard Tower |
| 4:16 | Boots of Speed |
| 4:16 | Boots of Speed |
| 4:21 | Scout Tower |
| 4:39 | Farm |
| 4:41 | Farm |
| 5:10 | Improved Masonry |
| 5:10 | Advanced Masonry |
| 5:21 | Guard Tower |
| 5:21 | Scout Tower |
| 5:22 | Scout Tower |
| 5:22 | Scout Tower |
| 5:23 | Scout Tower |
| 5:23 | Scout Tower |
| 5:26 | Scroll of Regeneration |
| 5:41 | Scout Tower |
| 5:42 | Scout Tower |
| 5:42 | Scout Tower |
| 5:43 | Scout Tower |
| 5:43 | Scout Tower |
| 5:44 | Scout Tower |
| 5:45 | Scout Tower |
| 5:45 | Scout Tower |
| 5:57 | Guard Tower |
| 6:53 | Guard Tower |
| 6:57 | Arcane Sanctum |
| 6:59 | Imbued Masonry |
| 7:04 | Arcane Tower |
| 7:14 | Healing Salve |
| 7:21 | Storm Bolt |
| 7:32 | Guard Tower |
| 7:33 | Guard Tower |
| 7:34 | Guard Tower |
| 8:01 | Boots of Speed |
| 8:15 | Staff of Teleportation |
| 8:27 | Scout Tower |
| 8:27 | Scout Tower |
| 8:28 | Scout Tower |
| 8:28 | Scout Tower |
| 8:29 | Scout Tower |
| 8:29 | Scout Tower |
| 8:29 | Scout Tower |
| 8:46 | Brilliance Aura |
| 9:22 | Guard Tower |
| 9:23 | Guard Tower |
| 9:25 | Scout Tower |
| 9:44 | Guard Tower |
| 9:50 | Town Hall |
| 9:51 | Scout Tower |
| 9:51 | Guard Tower |
| 10:17 | Guard Tower |
| 10:19 | Scout Tower |
| 10:19 | Scout Tower |
| 10:20 | Scout Tower |
| 10:20 | Scout Tower |
| 10:23 | Guard Tower |
| 10:41 | Arcane Vault |
| 10:48 | Guard Tower |
| 10:51 | Guard Tower |
| 11:05 | Castle |
| 11:08 | Guard Tower |
| 11:10 | Magic Sentry |
| 11:10 | Priest |
| 11:13 | Guard Tower |
| 11:14 | Guard Tower |
| 11:23 | Orb of Corruption |
| 11:26 | Guard Tower |
| 11:29 | Scout Tower |
| 11:31 | Scout Tower |
| 11:32 | Scout Tower |
| 11:32 | Scout Tower |
| 11:32 | Scout Tower |
| 11:34 | Scout Tower |
| 11:35 | Scout Tower |
| 11:35 | Scout Tower |
| 11:35 | Scout Tower |
| 11:36 | Scout Tower |
| 11:36 | Scout Tower |
| 12:16 | Guard Tower |
| 12:20 | Arcane Vault |
| 12:23 | Healing Salve |
| 12:27 | Bash |
| 12:31 | Peasant |
| 12:31 | Peasant |
| 12:37 | Guard Tower |
| 12:46 | Scout Tower |
| 12:47 | Scout Tower |
| 12:47 | Scout Tower |
| 12:48 | Scout Tower |
| 12:48 | Scout Tower |
| 12:48 | Scout Tower |
| 12:49 | Scout Tower |
| 12:50 | Scout Tower |
| 12:50 | Scout Tower |
| 12:51 | Scout Tower |
| 12:51 | Scout Tower |
| 12:52 | Scout Tower |
| 12:53 | Scout Tower |
| 12:54 | Scout Tower |
| 13:02 | Guard Tower |
| 13:03 | Arcane Tower |
| 13:22 | Guard Tower |
| 13:33 | Scout Tower |
| 13:34 | Scout Tower |
| 13:34 | Scout Tower |
| 13:35 | Scout Tower |
| 13:35 | Scout Tower |
| 13:36 | Scout Tower |
| 14:19 | Guard Tower |
| 14:24 | Scout Tower |
| 14:25 | Scout Tower |
| 14:25 | Scout Tower |
| 14:27 | Scout Tower |
| 14:46 | Staff of Sanctuary |
| 14:58 | Holy Light |
| 15:04 | Guard Tower |
| 15:04 | Guard Tower |
| 15:06 | Guard Tower |
| 15:10 | Guard Tower |
| 15:10 | Guard Tower |
| 15:15 | Blizzard |
| 15:17 | Guard Tower |
| 15:19 | Scout Tower |
| 15:20 | Scout Tower |
| 15:21 | Scout Tower |
| 15:31 | Arcane Vault |
| 15:33 | Guard Tower |
| 15:38 | Boots of Speed |
| 15:46 | Periapt of Vitality |
| 15:53 | Guard Tower |
| 16:03 | Arcane Tower |
| 16:03 | Guard Tower |
| 16:05 | Scout Tower |
| 16:50 | Staff of Sanctuary |
| 17:13 | Potion of Healing |
| 17:16 | Potion of Mana |
| 17:56 | Improved Lumber Harvesting |
| 18:02 | Peasant |
| 18:03 | Peasant |
| 18:05 | Guard Tower |
| 18:06 | Scout Tower |
| 18:07 | Scout Tower |
| 18:07 | Scout Tower |
| 18:08 | Scout Tower |
| 18:08 | Scout Tower |
| 18:09 | Scout Tower |
| 18:09 | Scout Tower |
| 18:11 | Guard Tower |
| 18:25 | Guard Tower |
| 18:37 | Scout Tower |
| 18:38 | Scout Tower |
| 18:38 | Scout Tower |
| 18:38 | Scout Tower |
| 18:39 | Scout Tower |
| 18:45 | Scout Tower |
| 19:20 | Guard Tower |
| 19:34 | Guard Tower |
| 19:37 | Guard Tower |
| 19:58 | Scout Tower |
| 19:58 | Scout Tower |
| 20:00 | Scout Tower |
| 20:02 | Staff of Sanctuary |
| 20:14 | Guard Tower |
| 20:16 | Guard Tower |
| 20:17 | Scout Tower |
| 20:18 | Scout Tower |
| 20:19 | Guard Tower |
| 20:21 | Staff of Teleportation |
| 20:24 | Circlet of Nobility |
| 20:36 | Guard Tower |
| 20:37 | Guard Tower |
| 20:38 | Scout Tower |
| 20:38 | Scout Tower |
| 20:39 | Scout Tower |
| 20:40 | Scout Tower |
| 20:40 | Scout Tower |
| 21:07 | Guard Tower |
| 21:32 | Gryphon Aviary |
| 22:03 | Blacksmith |
| 22:04 | Barracks |
| 22:08 | Farm |
| 22:16 | Orb of Corruption |
| 22:23 | Guard Tower |
| 22:30 | Storm Bolt |
| 23:00 | Guard Tower |
| 23:05 | Scout Tower |
| Right click | 2376 |
| Select | 936 |
| Select group | 260 |
| Build/train/purchase | 180 |
| Chat | 100 |
| Use ability | 88 |
| Resource trade | 32 |
| Assign group | 24 |
| Minimap ping | 11 |
| Misc. action | 8 |
| Item give/drop | 6 |
138 units @ 20.4k
/ 2.4k
52 buildings @ 8.5k
/ 3.5k


| Moonstone | 1 | 50 |
| Orb of Venom | 1 | 325 |
| Circlet of Nobility | 1 | 175 |
| total: | 3 | 550g |
| Wisp | 15 | 900 | / | 0 |
| Archer | 13 | 1690 | / | 130 |
| Huntress | 2 | 390 | / | 40 |
| Hippogryph | 10 | 1600 | / | 200 |
| Druid of the Claw | 1 | 255 | / | 80 |
| Chimaera | 3 | 990 | / | 210 |
| total: | 44 | 5825g | / | 660w |
| Altar of Elders | 1 | 180 | / | 50 |
| Moon Well | 8 | 1440 | / | 320 |
| Ancient of War | 1 | 150 | / | 60 |
| Hunter's Hall | 1 | 210 | / | 100 |
| Ancient of Wonders | 1 | 90 | / | 30 |
| Tree of Life | 1 | 340 | / | 185 |
| Ancient of Wind | 2 | 300 | / | 280 |
| Ancient of Lore | 1 | 155 | / | 145 |
| Chimaera Roost | 1 | 140 | / | 190 |
| Tree of Ages | 1 | 320 | / | 180 |
| Tree of Eternity | 1 | 330 | / | 200 |
| total: | 17 | 3005g | / | 1360w |
| 0:03 | Wisp |
| 0:03 | Wisp |
| 0:08 | Altar of Elders |
| 0:13 | Moon Well |
| 0:35 | Ancient of War |
| 0:37 | Wisp |
| 0:52 | Wisp |
| 1:07 | Wisp |
| 1:20 | Wisp |
| 1:27 | Moon Well |
| 1:38 | Archer |
| 1:42 | Archer |
| 1:51 | Wisp |
| 2:22 | Moon Well |
| 2:27 | Fan of Knives |
| 2:41 | Hunter's Hall |
| 3:16 | Wisp |
| 3:16 | Wisp |
| 3:18 | Archer |
| 3:18 | Archer |
| 3:21 | Moon Well |
| 3:47 | Tree of Ages |
| 4:26 | Blink |
| 4:30 | Strength of the Moon |
| 4:33 | Huntress |
| 4:33 | Huntress |
| 4:56 | Moon Well |
| 6:04 | Archer |
| 6:09 | Ancient of Wind |
| 6:51 | Archer |
| 6:51 | Archer |
| 6:53 | Improved Strength of the Moon |
| 6:59 | Ancient of Wind |
| 7:01 | Ancient of Wonders |
| 7:03 | Wisp |
| 7:03 | Wisp |
| 7:13 | Hippogryph |
| 7:38 | Circlet of Nobility |
| 7:44 | Shadow Strike |
| 7:58 | Hippogryph |
| 7:58 | Hippogryph |
| 8:06 | Trueshot Aura |
| 8:36 | Moonstone |
| 8:43 | Hippogryph |
| 9:04 | Tree of Eternity |
| 9:08 | Improved Bows |
| 10:48 | Hippogryph |
| 10:48 | Hippogryph |
| 10:49 | Archer |
| 10:49 | Archer |
| 10:55 | Ancient of Lore |
| 12:21 | Hippogryph |
| 12:21 | Hippogryph |
| 12:33 | Moon Well |
| 12:33 | Moon Well |
| 12:49 | Well Spring |
| 12:54 | Tree of Life |
| 13:05 | Searing Arrows |
| 13:27 | Archer |
| 13:27 | Archer |
| 13:27 | Marksmanship |
| 13:29 | Druid of the Claw Adept Training |
| 13:42 | Moon Armor |
| 13:50 | Chimaera Roost |
| 13:59 | Orb of Venom |
| 14:19 | Druid of the Claw Master Training |
| 14:24 | Moon Well |
| 14:40 | Shadow Strike |
| 15:08 | Druid of the Claw |
| 15:35 | Wisp |
| 15:36 | Wisp |
| 15:36 | Wisp |
| 15:36 | Wisp |
| 15:55 | Strength of the Wild |
| 15:56 | Reinforced Hides |
| 16:37 | Trueshot Aura |
| 17:37 | Chimaera |
| 17:41 | Hippogryph |
| 17:41 | Hippogryph |
| 17:46 | Archer |
| 18:35 | Corrosive Breath |
| 18:36 | Chimaera |
| 18:48 | Improved Strength of the Wild |
| 18:57 | Archer |
| 19:25 | Improved Reinforced Hides |
| 19:39 | Chimaera |
| 20:03 | Advanced Strength of the Moon |
| 22:13 | Nature's Blessing |
| Right click | 664 |
| Select | 334 |
| Build/train/purchase | 108 |
| Select group | 64 |
| Misc. action | 30 |
| Use ability | 25 |
| Assign group | 12 |
| Minimap ping | 4 |
| Remove unit | 1 |



| Healing Salve | 3 | 300 |
| Lesser Clarity Potion | 1 | 70 |
| Scroll of Town Portal | 1 | 350 |
| Staff of Teleportation | 1 | 150 |
| total: | 6 | 870g |
| Peon | 14 | 1050 | / | 0 |
| Grunt | 6 | 1200 | / | 0 |
| Demolisher | 9 | 1980 | / | 450 |
| Troll Headhunter | 2 | 280 | / | 40 |
| Troll Berserker | 11 | 1540 | / | 220 |
| total: | 42 | 6050g | / | 710w |
| Watch Tower | 3 | 330 | / | 240 |
| Altar of Storms | 1 | 180 | / | 50 |
| Barracks | 2 | 360 | / | 100 |
| Orc Burrow | 7 | 1120 | / | 280 |
| Voodoo Lounge | 1 | 130 | / | 30 |
| War Mill | 1 | 205 | / | 0 |
| Great Hall | 1 | 385 | / | 185 |
| Stronghold | 1 | 315 | / | 190 |
| Fortress | 1 | 325 | / | 190 |
| total: | 16 | 2710g | / | 885w |
| 0:07 | Altar of Storms |
| 0:09 | Barracks |
| 0:12 | Orc Burrow |
| 0:28 | Peon |
| 0:43 | Peon |
| 1:00 | Peon |
| 1:24 | Grunt |
| 1:36 | Peon |
| 2:01 | Grunt |
| 2:12 | Feral Spirit |
| 2:41 | Stronghold |
| 2:59 | Orc Burrow |
| 3:15 | Voodoo Lounge |
| 3:39 | War Mill |
| 4:07 | Grunt |
| 4:52 | Grunt |
| 4:57 | Steel Ranged Weapons |
| 5:03 | Barracks |
| 5:11 | Healing Salve |
| 5:12 | Lesser Clarity Potion |
| 5:30 | Pillage |
| 6:04 | Orc Burrow |
| 6:06 | Peon |
| 6:06 | Peon |
| 6:08 | Grunt |
| 6:10 | Grunt |
| 6:48 | Chain Lighting |
| 7:09 | Berserker Strength |
| 7:11 | Demolisher |
| 8:37 | Hex |
| 9:05 | Orc Burrow |
| 9:07 | Orc Burrow |
| 9:40 | Demolisher |
| 9:40 | Demolisher |
| 9:41 | Demolisher |
| 9:52 | Steel Armor |
| 9:54 | Fortress |
| 10:48 | Demolisher |
| 10:48 | Demolisher |
| 11:20 | Demolisher |
| 11:30 | Demolisher |
| 12:30 | Berserker Upgrade |
| 12:31 | Troll Headhunter |
| 12:44 | Healing Salve |
| 13:17 | Troll Regeneration |
| 13:18 | Troll Headhunter |
| 13:34 | Troll Berserker |
| 13:40 | Healing Wave |
| 13:50 | Staff of Teleportation |
| 14:03 | Burning Oil |
| 14:04 | Troll Berserker |
| 15:07 | Troll Berserker |
| 15:09 | Troll Berserker |
| 15:10 | Thorium Ranged Weapons |
| 15:34 | Great Hall |
| 16:56 | Chain Lighting |
| 17:17 | Troll Berserker |
| 17:47 | Healing Salve |
| 17:54 | War Stomp |
| 17:56 | Scroll of Town Portal |
| 18:06 | Troll Berserker |
| 18:26 | Troll Berserker |
| 18:29 | Peon |
| 18:47 | Peon |
| 18:50 | Watch Tower |
| 18:56 | Spiked Barricades |
| 19:28 | Troll Berserker |
| 19:29 | Troll Berserker |
| 19:52 | Peon |
| 19:52 | Peon |
| 19:54 | Watch Tower |
| 21:10 | Watch Tower |
| 21:11 | Peon |
| 21:12 | Peon |
| 21:15 | Troll Berserker |
| 21:15 | Troll Berserker |
| 21:17 | Thorium Armor |
| 21:24 | Orc Burrow |
| 21:40 | Peon |
| 21:40 | Peon |
| 21:47 | Orc Burrow |
| 22:13 | Demolisher |
| Right click | 1368 |
| Select group | 373 |
| Select | 367 |
| Build/train/purchase | 85 |
| Assign group | 44 |
| Use ability | 36 |
| Misc. action | 17 |
| Minimap ping | 15 |
| Remove unit | 4 |
| Item give/drop | 3 |
| Esc | 1 |


| Tiny Great Hall | 1 | 600 |
| Lesser Clarity Potion | 3 | 210 |
| Scroll of Speed | 1 | 50 |
| Healing Salve | 2 | 200 |
| Orb of Lightning | 1 | 375 |
| Scroll of Healing | 1 | 250 |
| Scroll of Town Portal | 1 | 350 |
| Potion of Lesser Invulnerability | 1 | 150 |
| total: | 11 | 2185g |
| Peon | 14 | 1050 | / | 0 |
| Grunt | 13 | 2600 | / | 0 |
| Raider | 12 | 2160 | / | 480 |
| Spirit Walker | 3 | 585 | / | 105 |
| Wind Rider | 1 | 265 | / | 40 |
| Kodo Beast | 2 | 510 | / | 120 |
| Tauren | 3 | 840 | / | 240 |
| Shaman | 4 | 520 | / | 80 |
| total: | 52 | 8530g | / | 1065w |
| Watch Tower | 5 | 550 | / | 400 |
| Altar of Storms | 1 | 180 | / | 50 |
| Orc Burrow | 7 | 1120 | / | 280 |
| Barracks | 1 | 180 | / | 50 |
| Voodoo Lounge | 1 | 130 | / | 30 |
| War Mill | 1 | 205 | / | 0 |
| Beastiary | 1 | 145 | / | 140 |
| Tauren Totem | 1 | 135 | / | 155 |
| Spirit Lodge | 1 | 150 | / | 150 |
| Stronghold | 1 | 315 | / | 190 |
| Fortress | 1 | 325 | / | 190 |
| total: | 19 | 2795g | / | 1255w |
| 0:03 | Peon |
| 0:08 | Altar of Storms |
| 0:17 | Peon |
| 0:19 | Orc Burrow |
| 0:31 | Peon |
| 0:35 | Barracks |
| 0:44 | Peon |
| 1:06 | Peon |
| 1:18 | Peon |
| 1:34 | Orc Burrow |
| 1:37 | Grunt |
| 1:43 | Peon |
| 2:04 | Voodoo Lounge |
| 2:14 | Feral Spirit |
| 2:35 | Grunt |
| 2:36 | Peon |
| 2:55 | War Mill |
| 3:14 | Stronghold |
| 3:35 | Grunt |
| 3:57 | Orc Burrow |
| 4:15 | Grunt |
| 4:21 | Chain Lighting |
| 4:50 | Steel Armor |
| 5:21 | Grunt |
| 5:25 | Orc Burrow |
| 5:43 | Grunt |
| 6:04 | Beastiary |
| 6:10 | Tauren Totem |
| 6:52 | Berserker Strength |
| 6:52 | Pillage |
| 7:16 | Raider |
| 7:17 | Steel Melee Weapons |
| 7:41 | Spirit Walker Adept Training |
| 7:43 | Grunt |
| 7:55 | War Stomp |
| 8:05 | Ensnare |
| 8:57 | Spirit Walker |
| 8:57 | Wind Rider |
| 8:59 | Raider |
| 9:00 | Grunt |
| 9:01 | Orc Burrow |
| 9:41 | Spirit Walker |
| 9:42 | Raider |
| 10:18 | Fortress |
| 10:43 | Raider |
| 11:06 | Thorium Armor |
| 11:41 | Spirit Walker |
| 12:19 | Grunt |
| 12:21 | Raider |
| 13:01 | Tiny Great Hall |
| 13:14 | Grunt |
| 13:42 | Endurance Aura |
| 13:55 | Peon |
| 13:56 | Peon |
| 13:56 | Peon |
| 14:00 | Peon |
| 14:01 | Peon |
| 14:01 | Peon |
| 14:08 | War Drums Damage Increase |
| 14:27 | Lesser Clarity Potion |
| 14:32 | Scroll of Speed |
| 14:35 | Healing Salve |
| 14:36 | Lesser Clarity Potion |
| 14:44 | Feral Spirit |
| 14:49 | Raider |
| 14:51 | Kodo Beast |
| 14:51 | Grunt |
| 15:02 | Potion of Lesser Invulnerability |
| 15:11 | Scroll of Healing |
| 15:24 | Raider |
| 15:37 | Arcanite Armor |
| 15:58 | Pulverize |
| 17:08 | Grunt |
| 17:09 | Raider |
| 17:09 | Raider |
| 17:26 | Grunt |
| 17:31 | Thorium Melee Weapons |
| 17:32 | Tauren |
| 17:32 | Tauren |
| 17:34 | Spirit Lodge |
| 18:00 | Raider |
| 18:03 | Healing Salve |
| 18:03 | Lesser Clarity Potion |
| 18:04 | Scroll of Town Portal |
| 18:20 | Kodo Beast |
| 18:45 | Orb of Lightning |
| 18:51 | Shaman Adept Training |
| 19:41 | Tauren |
| 20:15 | Shaman Master Training |
| 20:16 | Arcanite Melee Weapons |
| 20:20 | Orc Burrow |
| 20:23 | Orc Burrow |
| 21:21 | Watch Tower |
| 21:22 | Watch Tower |
| 21:23 | Watch Tower |
| 21:24 | Watch Tower |
| 21:29 | Watch Tower |
| 21:42 | Raider |
| 21:44 | Shaman |
| 21:44 | Shaman |
| 21:44 | Shaman |
| 21:45 | Shaman |
| 22:25 | Raider |
| Select group | 909 |
| Right click | 775 |
| Select | 377 |
| Build/train/purchase | 123 |
| Misc. action | 76 |
| Chat | 59 |
| Use ability | 48 |
| Assign group | 38 |
| Minimap ping | 20 |
| Item give/drop | 3 |
| Remove unit | 3 |
⇛